 Dungeon Crawl Stone Soup version 0.31-a0-200-gbc41564c69 (webtiles) character file.

Game seed: 7131687259403038316

130 qw the Skirmisher (level 4, -10/25 HPs)
             Began as a Deep Elf Hunter on June 25, 2023.
             Killed by divine providence
             ... invoked by an orc priest
              (13 damage)
             ... on level 2 of the Dungeon.
             The game lasted 00:00:28 (1163 turns).

qw the Skirmisher (Deep Elf Hunter)                 Turns: 1163, Time: 00:00:28

Health: -10/25     AC:  3    Str: 10    XL:     4   Next: 89%
Magic:  6/6        EV: 13    Int: 14    God:
Gold:   83         SH:  0    Dex: 24    Spells: 3/3 levels left

rFire   . . .        Y - +1 shortbow
rCold   . . .        (shield currently unavailable)
rNeg    . . .        c - +0 leather armour
rPois   +            (no helmet)
rElec   .            (no cloak)
rCorr   .            (no gloves)
SInv    .            (no boots)
Will    .....        (no amulet)
Stlth   ++           i - +6 ring of dexterity
HPRegen 0.24/turn    a - ring of poison resistance
MPRegen 0.10/turn

%: no passive effects
@: no status effects
A: no striking features
a: no special abilities


You were on level 2 of the Dungeon.
You visited 1 branch of the dungeon, and saw 2 of its levels.

You collected 83 gold pieces.


   Skills:
 - Level 1.5 Fighting
 + Level 8.0 Ranged Weapons
 - Level 3.0 Dodging
 - Level 1.2 Stealth


You had 3 spell levels left.
You didn't know any spells.
Your spell library was empty.

Inventory:

Hand Weapons
 Y - a +1 shortbow (weapon)
Armour
 c - a +0 leather armour (worn)
Jewellery
 a - a ring of poison resistance (right hand)
 i - a +6 ring of dexterity (left hand)
Scrolls
 e - a scroll of identify
Potions
 b - a potion of curing {unknown}
 g - a potion of heal wounds {unknown}

Dungeon Overview and Level Annotations

Branches:
Dungeon (2/15)

Altars:


Message History

Enter note:
Enter note:
Enter note:
Enter note:
Enter note: You shoot an arrow.
The arrow hits the orc priest.
The orc priest is lightly wounded.
The orc throws a boomerang.
The boomerang completely misses you.
You shoot an arrow.
The arrow closely misses the orc priest.
You shoot an arrow. The arrow hits the orc.
The orc is almost dead.
The orc priest casts a cantrip, but nothing happens.
You shoot an arrow. The arrow hits the orc!
You kill the orc!
The orc priest calls upon Beogh to heal the orc priest.
The orc priest's wounds heal themselves!
You shoot an arrow. The arrow hits the orc.
The orc is lightly wounded.
The orc priest miscasts a cantrip.
You shoot an arrow. The arrow hits the orc.
The orc is severely wounded.
The orc barely misses you.
You shoot an arrow. The arrow hits the orc.
You kill the orc!
You shoot an arrow. The arrow hits the orc priest!
The orc priest is severely wounded.
The orc hits you with a +0 club.
The orc priest hits you with a +0 whip of electrocution.
You are electrocuted!
Ouch! That really hurt!
The orc hits you with a +0 club.
The orc priest invokes the aid of Beogh against you.
You barely resist. You shoot an arrow. The arrow hits the orc priest!
You kill the orc priest!
The orc priest calls down the wrath of Beogh upon you.
Beogh smites you!
Ouch! That really hurt!
You die...

.........#......
#.#########..######
####........###.#
..#..8...8..##.######
............#.......
#..........o#.......
#.....o....$#.......
#.)8...8..##.......
#.@oo....###.......
#.#########........
#...........#######
#############


You could see an orc priest and 2 orcs.

Vanquished Creatures
  An orc priest (D:2)
  A hound (D:2)
  4 gnolls (D:2)
  2 adders (D:2)
  A worm (D:2)
  2 dart slugs (D:1)
  3 orcs (D:2)
  5 ball pythons
  2 endoplasms
  2 goblins (D:1)
  5 hobgoblins
  A jackal (D:1)
  6 bats
  A kobold (D:1)
  3 rats
39 creatures vanquished.

Notes
Turn   | Place    | Note
-------+----------+-------------------------------------------
     0 | D:1      | qw the Deep Elf Hunter began the quest for the Orb.
     0 | D:1      | Reached XP level 1. HP: 12/12 MP: 3/3
     0 | D:1      | 0 ||| qw: Version: 0.3-a-22-g0ed2b0b
     0 | D:1      | 0 ||| qw: Game counter: 5593
     0 | D:1      | 0 ||| qw: Melee chars always use a shield: true
     0 | D:1      | 0 ||| qw: God list: Okawaru
     0 | D:1      | 0 ||| qw: Allow faded altars: false
     0 | D:1      | 0 ||| qw: Do Orc after clearing Dungeon:15 true
     0 | D:1      | 0 ||| qw: Do second Lair branch before Depths: true
     0 | D:1      | 0 ||| qw: Lair rune preference: random
     0 | D:1      | 0 ||| qw: Goals: Normal
     0 | D:1      | 0 ||| PLANNING D:1-11
   103 | D:1      | Reached skill level 6 in Ranged Weapons
   103 | D:1      | Reached XP level 2. HP: 6/16 MP: 4/4
   565 | D:1      | 565 ||| UPGRADING to +6 ring of dexterity.
   566 | D:1      | 566 ||| READING scroll labelled FATSEO SUATT.
   567 | D:1      | 567 ||| READING 2 scrolls labelled IMIUTUODAP.
   568 | D:1      | 568 ||| READING 3 scrolls labelled IXZOS LERU.
   569 | D:1      | 569 ||| READING scroll labelled SAX WIPERESUH.
   570 | D:1      | 570 ||| DROPPING scroll of butterflies.
   571 | D:1      | 571 ||| DROPPING 2 scrolls of noise.
   620 | D:2      | Reached XP level 3. HP: 20/20 MP: 5/5
   667 | D:2      | Reached skill level 7 in Ranged Weapons
   843 | D:2      | Found a faded altar of an unknown god.
   866 | D:2      | Reached skill level 3 in Dodging
   870 | D:2      | Reached XP level 4. HP: 25/25 MP: 6/6
   932 | D:2      | Reached skill level 8 in Ranged Weapons
  1135 | D:2      | 1135 ||| UPGRADING to ring of poison resistance.
  1136 | D:2      | 1136 ||| READING scroll labelled AMYEVV TESU JUCK.
  1162 | D:2      | HP: 5/25 [orc priest/+0 whip of electrocution (13)]
  1163 | D:2      | Killed from afar by an orc priest

Levels and vault maps discovered:
D:1:      dpeg_arrival_arbitrary_c, layout_loops_cross, minmay_tall_x
D:2:      cheibrodos_pilgrimage, layout_basic,
          shapermc_ecumenical_altar_mp_highgroup

Skill      XL: |  1  2  3  4 |
---------------+-------------+-----
Ranged Weapons | 6 7 8 |  8.0
Dodging        | 3 |  3.0
Fighting       | |  1.5
Stealth        | |  1.2

Action                     |  1- 3 |  4- 6 || total
---------------------------+-------+-------++-------
   Fire: Shortbow          |    63 |    35 ||    98
    Use: Scroll            |     4 |     1 ||     5
 Armour: Leather armour    |     3 |     2 ||     5
  Dodge: Dodged            |     8 |     8 ||    16

Table legend:
 A = Non-vault XP
 B = Vault XP
 C = Vault XP percentage of total XP
 D = Non-vault monster count
 E = Vault monster count
 F = Vault count percentage of total count
                 A         B        C        D         E       F
            +---------+---------+-------+---------+---------+-------
      Total |     170 |      59 |  25.8 |      32 |       7 |  17.9
            +---------+---------+-------+---------+---------+-------
        D:1 |      23 |      10 |  30.3 |      12 |       4 |  25.0
        D:2 |     147 |      49 |  25.0 |      20 |       3 |  13.0
            +---------+---------+-------+---------+---------+-------
